[Event "Early-Titled-Tuesday-Blitz-April-02-2024"]
[Site "Chess.com"]
[Date "2024.04.02"]
[Round "6"]
[White "Josgar05"]
[Black "Schattman"]
[Result "1-0"]
[WhiteElo "2359"]
[BlackElo "2501"]
[TimeControl "180+1"]
[EndTime "9:07:53 PDT"]
[Termination "Josgar05 won on time"]

1. Nf3 Nf6 2. b3 g6 3. Bb2 Bg7 4. g3 c5 5. Bg2 O-O 6. c4 Nc6 7. O-O d5 8. cxd5 Nxd5 9. Bxg7 Kxg7 10. Qc1 b6 11. d4 Bb7 12. dxc5 Rc8 13. Qb2+ Kg8 14.
cxb6 Qxb6 15. Nbd2 Ba6 16. Rfe1 Ncb4 17. Nc4 Qf6 18.
Qxf6 exf6 19. Rec1 Bxc4 20. bxc4 Nb6 21. a3 Na6 22. Nd2 Nc5 23. Ra2 Rfd8 24. Rcc2 Rc7 25.
h4 h5 26. Bf3 Kg7 27. Kg2 f5 28. Nf1 Ne6 29. e3 Rxc4 30. Rxc4 Nxc4 31. a4 Ne5 32. Nd2 Rb8 33. Bd5 Kf6 34. a5 Rb5 35. Bf3 a6 36. Be2 Rc5 37. Bxa6 Nc6 38. Nb3 Rc3 39. Rb2 Nc5 40. Nxc5 Rxc5 41. Be2 Nxa5 42. Rb5 Rxb5 43. Bxb5 Nb3 44. Bc4 Nc5 45. Bd5 Kg7 46. Bc4 f6 47.
Bd5 g5 48. Kf3 Kg6 49. Bc4 Nd7 50. Kg2 Ne5 51. Bb3 Nd7 52. Bc4 gxh4 53. gxh4 Ne5 54. Bb3 Kg7 55. Bc2 Ng6 56. Kg3 Ne7 57. Kf4 Kg6 58. f3 Kg7 59. Bxf5 Nd5+ 60. Ke4 Nc3+ 61.
Kd3 Nd5 62. Be6 Nc7 63. Bc4 Ne8 64. Kd4 Nd6 65. Bd3 1-0

[Event "Early-Titled-Tuesday-Blitz-April-02-2024"]
[Site "Chess.com"]
[Date "2024.04.02"]
[Round "6"]
[White "ViratKohl_i"]
[Black "JJDAREK"]
[Result "1-0"]
[WhiteElo "2510"]
[BlackElo "2339"]
[TimeControl "180+1"]
[EndTime "9:07:53 PDT"]
[Termination "ViratKohl_i won on time"]

1. c4 g6 2. Nc3 Bg7 3. b3 c5 4. Bb2 Nc6 5. g3 e6 6. Bg2 Nge7 7. Nf3 O-O 8. O-O b6 9. e3 Bb7 10. d4 cxd4 11. Nxd4 Na5 12. Bxb7 Nxb7 13. Qf3 d5 14. cxd5 Nxd5 15. Nxd5 Qxd5 16. Qxd5 exd5 17. Rfd1 Rac8 18. Rac1 Nc5 19. Ba3 Rfd8 20. Ne2 h5 21. Nf4 d4 22. Bxc5 bxc5 23. e4 Bh6 24. Rc4 Bxf4 25. gxf4 a5 26. f3 Rd6 27. Kf2 Kg7 28. Rg1 Rb6 29. f5 Rb4 30. Rc2 a4 31. bxa4 Rxa4 32. fxg6 fxg6 33. Rd1 Ra3 34. Rxd4 cxd4 35. Rxc8 Rxa2+ 36. Kg3 d3 37. Rd8 Rd2 38. h4 Kf6 39. f4 Rd1 40. Kf3 Rh1 41. Rxd3 Rh3+ 42. Ke2 Rxh4 43. Rd6+ Kf7 44. Ke3 Rh3+ 45.
Kd4 h4 46. Ke5 Rf3 47. Rd7+ Kg8 48. Rd6 Kg7 49. Rd7+ Kg8 50. Ra7 h3 51. Ra2 Kg7 52. Ra1 Kh6 53. Rh1 Kh5 54. Rg1 h2 55. Rh1 Rf2 56.
f5 gxf5 57. exf5 Kg5 58. f6 1-0

[Event "Early-Titled-Tuesday-Blitz-April-02-2024"]
[Site "Chess.com"]
[Date "2024.04.02"]
[Round "6"]
[White "LeoLV10"]
[Black "edgarhay012"]
[Result "0-1"]
[WhiteElo "2514"]
[BlackElo "2622"]
[TimeControl "180+1"]
[EndTime "9:07:55 PDT"]
[Termination "edgarhay012 won by resignation"]

1. e4 e6 2. d4 d5 3. e5 c5 4. c3 Qb6 5. Nf3 Nc6 6. a3 Nh6 7. Bd3 cxd4 8. O-O Nf5 9. Bxf5 exf5 10. cxd4 Be6 11. b4 Be7 12. Nc3 O-O 13. Qd3 Rac8 14. Bd2 h6 15. Na4 Qd8 16. g3 b6 17. Rac1 Qd7 18. Nc3 Rfd8 19. h4 Bf8 20. Ne2 f4 21. Nxf4 Bf5 22. Qe3 Be4 23. Ne1 Ne7 24. f3 Bh7 25. g4 Qa4 26. Neg2 Rc4 27. e6 f6 28. Rfe1 Rdc8 29. h5 R8c7 30. Nh4 Bc2 31. Nhg6 Nxg6 32. hxg6 Qc6 33. Re2 Bd6 34. Rce1 Re7 35. Kg2 a6 36. Nh5 Bxg6 37. Nxf6+ gxf6 38. Qxh6 Rg7 39. e7 Qe8 40.
Bf4 Bxf4 41. Qxf4 Rc6 42. Kf2 Bh7 43. Rh1 Rxe7 44. Rxe7 Qxe7 45. Qh6 Rc2+ 46. Kg3 Qc7+ 47. f4 Rc3+ 48. Kh4 Qg7 49. Qh5 Bg6 50. Qxd5+ Bf7 51.
Qd8+ Qf8 52. Qxf8+ Kxf8 53. g5 fxg5+ 54. Kxg5 Ke7 55.
f5 Rg3+ 56. Kf4 Rg2 57. Re1+ Kd6 58. Rc1 Bd5 59. Rc8 Rf2+ 60. Kg5 Be4 61. f6 Rf5+ 62. Kg4 Rxf6 63. Rd8+ Kc7 64. Re8 Bc6 65. Re7+ Bd7+ 66. Kg3 Rd6 67. Re4 Kc6 68. Kf3 Kb5 69. Ke3 Ka4 70.
b5 Bxb5 71. Re7 Kxa3 0-1

[Event "Early-Titled-Tuesday-Blitz-April-02-2024"]
[Site "Chess.com"]
[Date "2024.04.02"]
[Round "6"]
[White "SharapovEvgeny"]
[Black "ChristianArca"]
[Result "1-0"]
[WhiteElo "2562"]
[BlackElo "2654"]
[TimeControl "180+1"]
[EndTime "9:07:58 PDT"]
[Termination "SharapovEvgeny won by resignation"]

1. b3 e5 2. Bb2 Nc6 3. Nf3 e4 4. Nd4 d5 5. Nxc6 bxc6 6. d3 exd3 7. exd3 Nf6 8. Be2 Bd6 9. O-O O-O 10. Nd2 Bf5 11. Bf3 h6 12. h3 c5 13. Re1 Rb8 14.
Bxf6 Qxf6 15. Bxd5 Qd4 16. Be4 Be6 17. Nf3 Qf6 18.
c4 Rbd8 19. Qc2 Bf4 20. Rad1 g6 21. Qb1 Rd6 22. Qa1 Qd8 23. d4 cxd4 24. Rxd4 c5 25. Rxd6 Bxd6 26. Rd1 Qc7 27. Bd5 Bf5 28. Nh4 Be5 29. Qc1 Bf4 30. Qc3 Be5 31. Qf3 Bc2 32. Rc1 Qe7 33. g3 Bf5 34. Nxf5 gxf5 35. Qxf5 Bd4 36.
Be4 f6 37. Qg6+ Qg7 38. Bd5+ Kh8 39. Qxg7+ Kxg7 40. Re1 f5 41. Re7+ Kg6 42. Re6+ Kg7 43. Kg2 f4 44. g4 Rf6 45. Re7+ Kg6 46. Rxa7 Kg5 47. Rf7 f3+ 48. Kf1 Ra6 49. Rf5+ Kg6 50. Rxf3 Rxa2 51. Kg2 Rb2 52. Be4+ Kg7 53. Kg3 Be5+ 54.
Kg2 Bd4 55. Bd5 Kg6 56. h4 Kg7 57. h5 Kh8 58. Kg3 Be5+ 59. Kh3 Bd4 60. Kg2 Kg7 61.
Rf7+ Kh8 62. Kg3 Be5+ 63. f4 Rxb3+ 64. Kg2 Bd4 65. g5 Rb2+ 66. Kf3 Rf2+ 67. Ke4 hxg5 68.
fxg5 Rxf7 69. Bxf7 Kg7 70. Bd5 Bb2 71. Kf5 Bc1 72. h6+ Kh7 73. Kg4 Bd2 74. Kh5 1-0

[Event "Early-Titled-Tuesday-Blitz-April-02-2024"]
[Site "Chess.com"]
[Date "2024.04.02"]
[Round "6"]
[White "Alexander_Donchenko"]
[Black "Rud_Makarian"]
[Result "1/2-1/2"]
[WhiteElo "2911"]
[BlackElo "3028"]
[TimeControl "180+1"]
[EndTime "9:08:00 PDT"]
[Termination "Game drawn by repetition"]

1. c4 e6 2. g3 d5 3. Bg2 Nf6 4. Nf3 dxc4 5. Qa4+ c6 6. Qxc4 b5 7. Qb3 Bb7 8. O-O Nbd7 9. d4 a6 10. a4 Be7 11. Rd1 O-O 12. Ne5 Nxe5 13. dxe5 Nd7 14. Bf4 Qc7 15. Nc3 Nc5 16. Qc2 b4 17.
Ne4 Nxe4 18. Bxe4 h6 19. Rac1 c5 20. h4 Rfd8 21. b3 Bf8 22. h5 Bxe4 23. Qxe4 Rxd1+ 24. Rxd1 Rd8 25. Rd3 Rd7 26. Qc4 Qc6 27. f3 Rd5 28.
Kf2 Be7 29. g4 Kf8 30. e4 Rxd3 31. Qxd3 Ke8 32. Be3 Bg5 33. f4 Bh4+ 34. Kf3 Be7 35. Qc4 Kf8 36. Ke2 Kg8 37. f5 Kh7 38. Qd3 a5 39. Kf3 Kg8 40. Ke2 Kh7 41. Qc4 Qc7 42. fxe6 Qxe5 43. exf7 Bf8 44. Qd5 Qb2+ 45. Kf3 Qb1 46.
Qf5+ Kh8 47. e5 Qxb3 48. e6 Qd1+ 49. Ke4 Qd6 50. Qd5 Qe7 51. Bf4 c4 52. Qxc4 Qb7+ 53.
Qd5 Qe7 54. Be5 Kh7 55. Kd4 Qa7+ 56. Kc4 Qg1 57. Kb5 Qf1+ 58. Kxa5 b3 59. Qxb3 Qe1+ 60.
Qc3 Qe4 61. Kb5 Qd5+ 62. Ka6 Qxe6+ 63. Kb5 Qxf7 64. Qd3+ Kh8 65. Qf5 Qd5+ 66. Ka6 Qc6+ 67. Ka5 Qc5+ 68. Ka6 Qc6+ 69. Ka5 Qd5+ 70. Ka6 Qc6+ 1/2-1/2

[Event "Early-Titled-Tuesday-Blitz-April-02-2024"]
[Site "Chess.com"]
[Date "2024.04.02"]
[Round "6"]
[White "Iball95"]
[Black "Mops_2004"]
[Result "1/2-1/2"]
[WhiteElo "2937"]
[BlackElo "2782"]
[TimeControl "180+1"]
[EndTime "9:08:01 PDT"]
[Termination "Game drawn by repetition"]

1. e4 g6 2. d4 Bg7 3. Nf3 d6 4. Bc4 Nc6 5. h3 Nf6 6. Qe2 e5 7. dxe5 Nxe5 8. Nxe5 dxe5 9. O-O O-O 10. Rd1 Qe7 11.
b3 Rd8 12. Rxd8+ Qxd8 13. Nd2 Nd7 14. Nf3 Nb6 15. Bg5 Qe8 16. Rd1 Bd7 17. Bd3 f6 18. Be3 Bf8 19. a4 Bc6 20. a5 Nc8 21. Bc4+ Kg7 22.
Bd5 Nd6 23. a6 Bxd5 24. Rxd5 b6 25. Nd2 Rd8 26. f3 Qc6 27. Qd3 Be7 28. Nc4 Nxc4 29. bxc4 Rxd5 30. cxd5 Qa4 31. Kh2 Bd6 32. Bd2 b5 33.
Qe3 Qxa6 34. h4 Kg8 35. h5 g5 36. Qb3 Qa4 37. Qb2 a5 38. Qb1 b4 39. Qf1 Qxc2 40.
Be1 Qd1 41. h6 Kf7 42. Qb5 Qxe1 43. Qd7+ Be7 44. Qe6+ Kf8 45. Qc8+ Kf7 46. Qe6+ Kg6 47. Qxe7 Qh4+ 48. Kg1 Qe1+ 49. Kh2 Qh4+ 50. Kg1 Qxh6 51. Qe8+ Kg7 52. Qe7+ Kg8 53. Qxc7 g4 54. d6 g3 55. Qc8+ Kg7 56. Qg4+ Kf8 57. Qc8+ Kf7 58. Qd7+ Kg6 59. Qf5+ Kf7 60. Qd7+ Kg6 61. Qg4+ Kf7 62. Qd7+ 1/2-1/2

[Event "Early-Titled-Tuesday-Blitz-April-02-2024"]
[Site "Chess.com"]
[Date "2024.04.02"]
[Round "6"]
[White "mary-sanna"]
[Black "MaxLeto"]
[Result "1/2-1/2"]
[WhiteElo "2235"]
[BlackElo "2466"]
[TimeControl "180+1"]
[EndTime "9:08:01 PDT"]
[Termination "Game drawn - insufficient material"]

1. d4 a6 2. Nf3 b6 3. g3 c6 4. Bg2 d6 5. O-O e6 6. c4 f6 7. Nc3 g6 8. e4 h6 9. h4 Bg7 10. Qd3 Ne7 11. b4 Bb7 12. Bb2 Nd7 13. d5 cxd5 14. exd5 e5 15. g4 f5 16. gxf5 gxf5 17. Qe3 Nf6 18. Ne2 O-O 19. Kh1 Ng6 20. Bh3 Ng4 21.
Qc3 Nxh4 22. Ng3 Rc8 23. Nd2 Bxd5+ 24. f3 Nxf3 25. Nxf3 Qh4 26. Kg2 f4 27. Ne2 Ne3+ 28. Kh2 Rxc4 29. Nxh4 Nxf1+ 30. Rxf1 Rxc3 31. Bxc3 Bxa2 32.
Bg2 Bc4 33. Nc1 Bxf1 34. Bxf1 Rc8 35. Na2 b5 36. Nf5 Bf8 37. Kg2 Kf7 38. Kf3 Ke6 39.
Bh3 Kd5 40. Ne3+ fxe3 41. Bxc8 Kc4 42. Be1 d5 43. Bxa6 d4 44. Ke4 Bd6 45. Nc1 Bxb4 46. Bxb4 Kxb4 47. Kxe5 Kc4 48. Ke4 h5 49. Nd3 h4 50.
Nf4 e2 51. Nxe2 h3 52. Ng3 h2 53. Nh1 Kc5 54. Bxb5 Kxb5 55. Kxd4 Kb4 56. Ke3 Kb5 57. Kf2 Ka6 58. Kg2 Ka7 59. Kxh2 1/2-1/2

[Event "Early-Titled-Tuesday-Blitz-April-02-2024"]
[Site "Chess.com"]
[Date "2024.04.02"]
[Round "6"]
[White "KetiTsatsalashvili"]
[Black "Sasha_Solovev_777"]
[Result "0-1"]
[WhiteElo "2421"]
[BlackElo "2241"]
[TimeControl "180+1"]
[EndTime "9:08:03 PDT"]
[Termination "Sasha_Solovev_777 won by checkmate"]

1. d4 Nf6 2. Nf3 g6 3. c4 Bg7 4. Nc3 O-O 5. e4 d6 6. Be2 e5 7. O-O h6 8. d5 Nbd7 9. Qc2 a5 10. h3 Nc5 11. Be3 b6 12. a3 Nh5 13. b4 Nd7 14. c5 bxc5 15. bxc5 Nf4 16. cxd6 cxd6 17. Nb5 Nxe2+ 18. Qxe2 Ba6 19. a4 Nf6 20. Nd2 Nh5 21.
g3 Qd7 22. Kg2 Rab8 23. Rab1 Rb7 24. Qc4 Rc8 25. Qd3 Rcb8 26. Nc4 Bxb5 27. axb5 Rxb5 28.
Nxa5 Rxb1 29. Rxb1 Rxb1 30. Qxb1 f5 31. Nc6 f4 32. Bd2 fxg3 33. fxg3 Nf6 34. Qc2 Qb7 35. Nd8 Qb5 36. Be3 Qb4 37. Kf3 g5 38. Ne6 Qe1 39.
Qc8+ Kh7 40. Qc2 Qh1+ 41. Ke2 Qg2+ 42. Bf2 Qxe4+ 43. Qxe4+ Nxe4 44. Ke1 Nxf2 45. Kxf2 Kg6 46. Ke3 Bf6 47. g4 Be7 48. Ke4 h5 49. Nc7 hxg4 50. hxg4 Kf7 51. Ne6 Ke8 52. Kf5 Kd7 53. Ng7 Kc7 54.
Ke6 Bd8 55. Ne8+ Kb6 56. Nxd6 Kc5 57. Ne4+ Kd4 58. Nd6 e4 59. Nf5+ Kd3 60. d6 e3 61.
Kd7 Ba5 62. Ng3 e2 63. Nxe2 Kxe2 64. Ke6 Kf3 65. d7 Kxg4 66. Ke7 Kf3 67. Kf7 g4 68.
Ke8 g3 69. Kf7 g2 70. Kg6 g1=Q+ 71. Kh7 Qd4 72. Kh6 Qxd7 73. Kg5 Qf7 74. Kh6 Qg8 75. Kh5 Kf4 76. Kh6 Kf5 77. Kh5 Qg5# 0-1

[Event "Early-Titled-Tuesday-Blitz-April-02-2024"]
[Site "Chess.com"]
[Date "2024.04.02"]
[Round "6"]
[White "Al_Shima"]
[Black "chito89"]
[Result "1-0"]
[WhiteElo "2496"]
[BlackElo "2799"]
[TimeControl "180+1"]
[EndTime "9:08:05 PDT"]
[Termination "Al_Shima won by resignation"]

1. e4 c6 2. Nc3 d5 3. Nf3 Bg4 4. h3 Bxf3 5. Qxf3 e6 6. g3 g6 7. Bg2 Bg7 8. O-O Nd7 9. d3 Ne7 10. Qe2 O-O 11. Kh2 a5 12. f4 a4 13. a3 Qb6 14.
Nd1 Qa6 15. e5 Rae8 16. Re1 Nf5 17. c3 f6 18. d4 Qxe2 19. Rxe2 c5 20. Be3 cxd4 21.
cxd4 fxe5 22. dxe5 g5 23. fxg5 Bxe5 24. Bf2 Bd6 25. Nc3 Nc5 26. Nb5 Be7 27. Nc7 Rc8 28.
Nxe6 Nxe6 29. Rxe6 Rc2 30. Kg1 Rxb2 31. Bxd5 Kh8 32.
Rae1 Rxf2 33. Kxf2 Nd4+ 34. Kg2 Nxe6 35. Rxe6 Bxa3 36.
Bxb7 Bb2 37. Ra6 a3 38. h4 Rd8 39. Ra7 Rd7 40. Ra8+ Kg7 41. Be4 Rc7 42. Bd5 Kg6 43. Kf3 Rc3+ 44. Kg4 h5+ 45. gxh6 Kxh6 46. Ra6+ Kg7 47.
h5 Rc5 48. h6+ Kf8 49. Be4 Ke7 50. h7 Rc4 51. Kf3 Kd7 52. Ra7+ Kd6 53. Ra8 Kc5 54. Bb1 Rc1 55. Ba2 Rc3+ 56. Kg2 Rc2+ 57. Kh3 Kb4 58. Bg8 Bg7 59. Kg4 Rc6 60. Kf5 Rc5+ 61. Kg6 Rc7 62. g4 Bc3 63. g5 Rg7+ 64. Kh6 Rc7 65. Be6 Bg7+ 66. Kg6 Bb2 67. h8=Q Bxh8 68. Rxh8 Rc6 69. Kf5 Rc5+ 70. Kf6 Ra5 71. Rh1 Kc3 72. g6 1-0

[Event "Early-Titled-Tuesday-Blitz-April-02-2024"]
[Site "Chess.com"]
[Date "2024.04.02"]
[Round "6"]
[White "MIss_MIaMI"]
[Black "Orphanator2009"]
[Result "1/2-1/2"]
[WhiteElo "2374"]
[BlackElo "2532"]
[TimeControl "180+1"]
[EndTime "9:08:05 PDT"]
[Termination "Game drawn by agreement"]

1. e4 c5 2. Nf3 d6 3. d4 cxd4 4. c3 Nf6 5. Bd3 dxc3 6. Nxc3 Nc6 7. h3 g6 8. O-O Bg7 9. Qe2 O-O 10. Rd1 Bd7 11. Bf4 Qa5 12. a3 Rac8 13. Rac1 Be6 14.
Ng5 Bb3 15. Rd2 Ne5 16. Bb1 Nh5 17. Be3 Nc4 18. Rd3 Nxe3 19. Qxe3 Bc4 20. Rdd1 Be5 21.
g3 Bg7 22. Kh2 Nf6 23. f4 Qc5 24. Qxc5 Rxc5 25. Na4 Rcc8 26. Nc3 Bb3 27. Re1 e6 28. Nf3 d5 29. e5 Nd7 30. Nb5 Nb6 31. Nxa7 Rxc1 32.
Rxc1 Ra8 33. Nb5 Rc8 34. Rxc8+ Nxc8 35. Nfd4 Bc4 36. b3 Bxb5 37. Nxb5 Kf8 38. Kg2 Ke8 39. Kf3 Bf8 40. a4 Kd7 41. Ke3 Na7 42. Nxa7 Bc5+ 43. Kd3 Bxa7 44. b4 Bf2 45. g4 Be1 46. b5 Kc7 47. Ba2 Bg3 48. Ke3 Bh2 49. a5 Bg1+ 50. Kd3 Bc5 51. f5 gxf5 52. gxf5 Bb4 53. a6 bxa6 54. bxa6 Kb6 55. fxe6 fxe6 56.
Bb1 Kxa6 57. Kd4 h6 58. Bg6 Ba3 59. Kc3 Kb5 60. Bf7 Bf8 61. Bxe6 Kc5 62. Bf7 Bg7 63. Kd3 Bxe5 64. h4 d4 65. h5 Kd6 66. Bg6 Ke7 67.
Ke4 Kf6 68. Kd3 Kg5 69. Ke4 Bg7 70. Kd3 Kf4 71. Bh7 Bf6 72. Bg6 Kg4 73. Ke4 Kg3 74.
Kd3 Kf3 75. Bh7 Kf4 76. Bg6 Ke5 77. Bh7 Kd5 78. Bg6 Be5 79. Bf7+ Kd6 80. Bg6 Ke7 81.
Bh7 Kf7 82. Bg6+ Kg7 83. Be8 Kf6 84. Bg6 1/2-1/2

[Event "Early-Titled-Tuesday-Blitz-April-02-2024"]
[Site "Chess.com"]
[Date "2024.04.02"]
[Round "6"]
[White "PonyQueen07"]
[Black "Malikova777"]
[Result "1-0"]
[WhiteElo "2286"]
[BlackElo "2297"]
[TimeControl "180+1"]
[EndTime "9:08:05 PDT"]
[Termination "PonyQueen07 won by resignation"]

1. c4 Nf6 2. Nc3 e5 3. g3 d5 4. cxd5 Nxd5 5. Bg2 Nb6 6. Nf3 Nc6 7. O-O Be7 8. d3 O-O 9. a3 Be6 10. b4 f6 11. Bb2 a5 12. b5 Nd4 13. Nd2 Nd5 14.
Nxd5 Bxd5 15. Bxd4 exd4 16. Bxd5+ Qxd5 17. Qb3 Rfd8 18. Qxd5+ Rxd5 19. a4 Bb4 20. Nc4 b6 21. Rad1 Re8 22.
e4 dxe3 23. fxe3 Bc5 24. Rfe1 f5 25. Kg2 Red8 26. d4 Bb4 27. Re2 g6 28. Rf1 Re8 29. Ne5 Bd6 30. Nc6 Kg7 31. Rc1 g5 32. h3 f4 33. e4 g4 34. hxg4 Rg5 35. e5 Rxg4 36. Kf3 Rxg3+ 37. Kxf4 Ba3 38. Kxg3 Bxc1 39. d5 Ba3 40. Kf4 h5 41. Rg2+ Kh6 42. e6 Bd6+ 43. Ke4 h4 44. Nd4 h3 45. Nf5+ Kh5 46. Ng7+ Kh4 47.
Nf5+ Kh5 48. Ng7+ Kh6 49. Nf5+ Kh7 50. Rg7+ Kh8 51. Rg4 h2 52. Rh4+ Kg8 53. Nxd6 cxd6 54. Rxh2 Rc8 55. Rf2 Rc4+ 56. Kf5 Rd4 57. Kf6 Rxd5 58.
Ke7 Rd4 59. Kd7 Rxa4 60. e7 Re4 61. e8=Q+ Rxe8 62. Kxe8 a4 63. Ra2 d5 64. Rxa4 Kg7 65.
Rd4 Kg6 66. Rxd5 Kf6 67. Rd6+ Ke5 68. Rxb6 Kd5 69. Rc6 Kd4 70. Rc1 Kd5 71. b6 Kd4 72. b7 Kd3 73. b8=Q Kd2 74. Rc6 1-0

[Event "Early-Titled-Tuesday-Blitz-April-02-2024"]
[Site "Chess.com"]
[Date "2024.04.02"]
[Round "6"]
[White "JimDiGrease"]
[Black "sokidze"]
[Result "1-0"]
[WhiteElo "2964"]
[BlackElo "2790"]
[TimeControl "180+1"]
[EndTime "9:08:06 PDT"]
[Termination "JimDiGrease won by resignation"]

1. d4 d5 2. c4 e6 3. Nf3 Nf6 4. Qc2 Be7 5. cxd5 exd5 6. Bf4 c6 7. e3 O-O 8. Nc3 Bd6 9. Bxd6 Qxd6 10. h3 Re8 11. Bd3 Be6 12. O-O Nbd7 13. Rab1 a5 14. a3 g6 15. Rfc1 Rec8 16. Na4 Qe7 17. b4 b5 18. Nc5 Nxc5 19. dxc5 axb4 20. axb4 Ra4 21. Nd4 Bd7 22. Qc3 Rca8 23. Ra1 Qd8 24. Bc2 Rxa1 25. Rxa1 Ne8 26. Rxa8 Qxa8 27. e4 Nc7 28. Kh2 Qe8 29. Qg3 Ne6 30. Nb3 dxe4 31. Bxe4 Ng7 32. Bf3 Nf5 33.
Qc7 Nh4 34. Nd4 Nxf3+ 35. Nxf3 f6 36. Nd4 h5 37. Qf4 Kg7 38. Nf3 g5 39. Qd4 Qe7 40. Nxg5 Bf5 41. Nf3 Be4 42. Nh4 Kf7 43. f3 Bd5 44.
Qf4 Qe5 45. Qxe5 fxe5 46. Nf5 Kf6 47. Ne3 Be6 48. Kg3 Kg5 49. h4+ Kf6 50. f4 Bf7 51.
Kf3 Bg6 52. Nf1 Bf7 53. Ne3 Bg6 54. g4 exf4 55. Kxf4 hxg4 56. Kxg4 Ke5 57. h5 Bh7 58. Kg5 Kd4 59. Ng4 Kc4 60. Nf6 Bd3 61. Nd7 Kxb4 62.
Ne5 Be4 63. h6 Bh7 64. Kf6 Kxc5 65. Kg7 b4 66. Kxh7 b3 67. Kg7 b2 68. Nd3+ 1-0

[Event "Early-Titled-Tuesday-Blitz-April-02-2024"]
[Site "Chess.com"]
[Date "2024.04.02"]
[Round "6"]
[White "promen1999"]
[Black "Incognito_Knight"]
[Result "0-1"]
[WhiteElo "2879"]
[BlackElo "2740"]
[TimeControl "180+1"]
[EndTime "9:08:06 PDT"]
[Termination "Incognito_Knight won on time"]

1. d4 d5 2. c4 e6 3. Nf3 a6 4. cxd5 exd5 5. Bg5 Nf6 6. e3 Be6 7. Bd3 Nbd7 8. Nc3 Bd6 9. h3 c6 10. O-O Qc7 11. Qd2 O-O 12. Bf4 Rfe8 13. Rfe1 Nh5 14.
Bxd6 Qxd6 15. b4 Nhf6 16. a4 b5 17. Qb2 Nb6 18. Ne5 Nc4 19. Bxc4 dxc4 20. Qa3 Rac8 21. axb5 axb5 22. Qa5 h6 23. Rec1 Kh7 24. Rab1 Nd5 25. Ne4 Qf8 26. Nc5 Ra8 27. Na6 Bc8 28. Nxc6 Bxa6 29.
Ra1 Qd6 30. Ne5 Qxb4 31. Qa2 Bb7 32. Qc2+ g6 33. Nxf7 Rxa1 34. Rxa1 Qc3 35. Qb1 Qb3 36. Qc1 Re7 37. Nd6 Nc3 38. Qd2 Ne4 39. Nxe4 Bxe4 40.
Qa5 Qd3 41. Qd8 Rf7 42. Qe8 Rg7 43. Qxb5 c3 44. Qc5 c2 45. Kh2 Qd1 46. Qc3 Qxa1 47. Qxa1 Rc7 48. Qc1 Rb7 49. f3 Rb1 50. Qa3 c1=Q 51.
Qe7+ Kg8 52. Qe8+ Kg7 53. Qe7+ Kg8 54. Qxe4 Qg1+ 55. Kg3 Qe1+ 56. Kf4 Qh4+ 57. g4 Qf6+ 58. Kg3 Qd6+ 59. f4 Rb6 60. Qe8+ Kg7 61. h4 Qe6 62. Qxe6 Rxe6 63. Kf3 Ra6 64. g5 h5 65. d5 Kf7 66.
e4 Ra3+ 67. Ke2 Rh3 68. f5 gxf5 69. exf5 Rxh4 70. Ke3 Rg4 71. g6+ Kf6 72. d6 Rg1 0-1

[Event "Early-Titled-Tuesday-Blitz-April-02-2024"]
[Site "Chess.com"]
[Date "2024.04.02"]
[Round "6"]
[White "MarijaKuznecova"]
[Black "Ordekalog"]
[Result "1-0"]
[WhiteElo "2425"]
[BlackElo "2603"]
[TimeControl "180+1"]
[EndTime "9:08:08 PDT"]
[Termination "MarijaKuznecova won on time"]

1. e4 d5 2. exd5 Nf6 3. d4 Nxd5 4. Nf3 g6 5. Bc4 Bg7 6. h3 O-O 7. O-O Nc6 8. c3 Nb6 9. Bb3 a5 10. a4 e5 11. d5 Ne7 12. c4 c5 13. Nc3 Nf5 14. Ne4 Nd7 15. Re1 Ra6 16. Bg5 f6 17. Bd2 Nd6 18. Bc3 Nxe4 19. Rxe4 Rd6 20. Qd2 b6 21. Rae1 Nb8 22. Nh2 Nc6 23. f4 Nd4 24. Bd1 Bf5 25. fxe5 fxe5 26. Rxe5 Qh4 27. Nf3 Nxf3+ 28.
Bxf3 Qxc4 29. Re8 Bxc3 30. bxc3 Rxe8 31. Rxe8+ Kf7 32. Qe3 Qh4 33. Rb8 Bd7 34. Bg4 Qe7 35.
Qd2 Bxg4 36. hxg4 Kg7 37. c4 Rf6 38. Rc8 Qd7 39. Rb8 Qc7 40. Re8 Qf7 41. Qe2 Rf1+ 42.
Qxf1 Qxe8 43. Qf4 Qe1+ 44. Kh2 Qh4+ 45. Kg1 Qe1+ 46. Qf1 Qe3+ 47. Kh2 Qe5+ 48. Kh3 h5 49. Qf3 hxg4+ 50. Qxg4 Qc3+ 51. g3 Qc1 52. Qd7+ Kh6 53. Qf7 Qh1+ 54. Kg4 Qd1+ 55. Kh3 Qh1+ 56. Kg4 Qh5+ 57. Kf4 Qg5+ 58. Kf3 Qh5+ 59. Kf4 Qd1 60.
Ke5 Qe2+ 61. Kd6 Qg4 62. Qe6 Qxg3+ 63. Kc6 Qg5 64. d6 Qd8 65. d7 Kg7 66. Qe8 Qf6+ 67. Kb7 Qf7 68. Qxf7+ Kxf7 69. d8=Q 1-0

[Event "Early-Titled-Tuesday-Blitz-April-02-2024"]
[Site "Chess.com"]
[Date "2024.04.02"]
[Round "6"]
[White "Itay121"]
[Black "Mikhail_Golubev"]
[Result "0-1"]
[WhiteElo "2528"]
[BlackElo "2623"]
[TimeControl "180+1"]
[EndTime "9:08:12 PDT"]
[Termination "Mikhail_Golubev won by checkmate"]

1. e4 c5 2. Nf3 d6 3. d4 Nf6 4. dxc5 Nxe4 5. cxd6 Nc6 6. Bd3 Nxd6 7. O-O g6 8. Re1 Bg7 9. Nc3 O-O 10. Bg5 h6 11. Bh4 Nf5 12. Bg3 Nxg3 13. hxg3 Bg4 14. Bc4 Nd4 15. Be2 Nxe2+ 16. Qxe2 e6 17. Qe4 Bf5 18.
Qxb7 Rb8 19. Qxa7 Rxb2 20. Rad1 Qc8 21. Ne4 Bxe4 22. Rxe4 Qxc2 23. Rde1 Rxa2 24. Qe3 Rd8 25. g4 Rd1 26. g3 Rd3 27. Qe2 Qxe2 28. R1xe2 Rxe2 29. Rxe2 Rxf3 30. Kg2 Rf6 31. Ra2 g5 32. Ra8+ Kh7 33. Ra7 Kg6 34. f3 e5 35. Ra5 Rd6 36. Kh3 h5 37. gxh5+ Kxh5 38. g4+ Kg6 39. Kg3 Bf6 40.
Ra8 Rd4 41. Ra6 e4 42. fxe4 Rxe4 43. Rb6 Re3+ 44. Kg2 Rc3 45. Ra6 Kg7 46. Rd6 Be5 47.
Rd5 Bf4 48. Kf2 Rg3 49. Rxg5+ Bxg5 50. Kxg3 Kf6 51. Kf3 Ke5 52. Kg3 Ke4 53. Kg2 Kf4 54.
Kh3 Kf3 55. Kh2 Kxg4 56. Kg2 f5 57. Kf2 f4 58. Kg2 f3+ 59. Kf2 Bh4+ 60. Kg1 Be7 61. Kh1 Bc5 62. Kh2 Kf4 63. Kh3 Ke3 64. Kg3 f2 65. Kg2 Ke2 66. Kh2 f1=Q 67. Kg3 Qf2+ 68.
Kg4 Qf3+ 69. Kh4 Bf2+ 70. Kg5 Qe4 71. Kh5 Qf4 72. Kg6 Qe5 73. Kh6 Qf5 74. Kg7 Qe6 75. Kf8 Qd7 76. Kg8 Bc5 77. Kh8 Bd4+ 78. Kg8 Qg7# 0-1

[Event "Early-Titled-Tuesday-Blitz-April-02-2024"]
[Site "Chess.com"]
[Date "2024.04.02"]
[Round "6"]
[White "MikeSailer"]
[Black "visa"]
[Result "1-0"]
[WhiteElo "2163"]
[BlackElo "2358"]
[TimeControl "180+1"]
[EndTime "9:08:15 PDT"]
[Termination "MikeSailer won on time"]

1. d4 e6 2. Nf3 b6 3. Bf4 Bb7 4. e3 Nf6 5. Be2 Be7 6. O-O Nh5 7. c3 Nxf4 8. exf4 O-O 9. a4 a6 10. a5 b5 11. Nbd2 d6 12. Re1 Nd7 13. Bd3 Nf6 14. Ne4 Nxe4 15. Bxe4 Bxe4 16. Rxe4 h6 17. Qe2 c6 18. f5 d5 19. Re3 Bd6 20. fxe6 fxe6 21. Rxe6 Qd7 22. Re1 b4 23. c4 Bc7 24. Re7 Qd6 25. Qe6+ Qxe6 26. R1xe6 Bd8 27. Rb7 dxc4 28. Rxc6 Bxa5 29. Rxc4 Rac8 30. b3 Rxc4 31. bxc4 Rc8 32. c5 Rc7 33. Rb8+ Kf7 34. Ra8 b3 35. Rb8 Ke6 36. Rxb3 Kd5 37. Ra3 Rb7 38. g3 Rb5 39.
Re3 Bb4 40. Re5+ Kc4 41. c6 Rxe5 42. Nxe5+ Kxd4 43. c7 a5 44. c8=Q Kxe5 45. Qc4 Kf6 46. Kg2 g6 47. h4 h5 48. Qb5 Kg7 49. Kf3 Kh6 50. Ke4 Kg7 51. f3 Kf7 52. g4 Kg7 53. g5 Kf7 54. f4 Ke7 55. f5 Kf7 56. f6 Ke6 57. Qc6+ Kf7 58. Qd7+ Kf8 59. Qg7+ Ke8 60. Qxg6+ Kd7 61. Qf5+ Kc6 62. Qd5+ Kb6 63. f7 a4 64. g6 Bf8 65. Qd8+ Kb5 66. Qxf8 a3 67. Qxa3 Kc4 68. Qd3+ Kc5 69. Qd5+ Kb6 70. f8=Q 1-0

[Event "Early-Titled-Tuesday-Blitz-April-02-2024"]
[Site "Chess.com"]
[Date "2024.04.02"]
[Round "6"]
[White "Rodalquilar"]
[Black "Keeper0416"]
[Result "1-0"]
[WhiteElo "2734"]
[BlackElo "2560"]
[TimeControl "180+1"]
[EndTime "9:08:17 PDT"]
[Termination "Rodalquilar won by resignation"]

1. d4 Nf6 2. Nf3 g6 3. Bf4 d5 4. e3 Bg7 5. Be2 O-O 6. O-O c5 7. c3 Nc6 8. h3 Nd7 9. Nbd2 e5 10. dxe5 Ndxe5 11. Nxe5 Nxe5 12. Nf3 Nc6 13. Qb3 b6 14. Rfd1 Ne7 15. e4 Be6 16. exd5 Nxd5 17. Bc4 Nxf4 18. Rxd8 Rfxd8 19. Bxe6 Nxe6 20. Qa4 Rd6 21. Re1 a6 22. Qe4 Rad8 23. a4 Rb8 24. Ne5 Bxe5 25. Qxe5 Rbd8 26. Qe2 a5 27. Qb5 Nc7 28. Qc4 Ne6 29. Qa6 Kg7 30. g3 h5 31. h4 R8d7 32. Kg2 Rd8 33.
Re2 R8d7 34. Qc4 Rd8 35. f3 R8d7 36. Kf2 Rd5 37. Qe4 Kh7 38. Qc2 R5d6 39. Qc1 Kg7 40.
g4 Rd5 41. Qe3 Kh7 42. Qe4 Kg7 43. Qc4 Kh7 44. Kg3 hxg4 45. fxg4 Rd3+ 46. Kg2 Kg7 47. Rf2 R3d5 48. Qe4 g5 49. h5 Nf4+ 50. Kh2 R7d6 51. Qe7 Re6 52. Qb7 Kg8 53. Qa8+ Kg7 54. Qc8 Rde5 55.
Qd8 c4 56. Qd4 Kh6 57. Qxc4 Rc5 58. Qd4 f6 59. Qd8 Kg7 60. Qd7+ Kf8 61. h6 Re7 62. Qd6 Rc7 63. Qxf6+ Rf7 64. Qxg5 Ne6 65. Rxf7+ Rxf7 66. Qd2 Ke7 67. Qe3 Kf6 68. Qxb6 Rh7 69. Qxa5 Rxh6+ 70. Kg3 Ng5 71. Qf5+ Ke7 72. Qxg5+ Kd6 1-0